 Dungeon Crawl Stone Soup version 0.31.0-32-g396128a36d (webtiles) character file.

Game seed: 16473435515471617784

95 Doomgape the Trooper (level 4, 0/30 HPs)
             Began as a Gargoyle Fighter on Apr 2, 2024.
             Slain by an orc
             ... wielding a +1 dagger of flaming
              (2 damage)
             ... on level 3 of the Dungeon.
             The game lasted 00:03:10 (1752 turns).

Doomgape the Trooper (Gargoyle Fighter)             Turns: 1752, Time: 00:03:11

Health: 0/30       AC: 13    Str: 21    XL:     4   Next: 65%
Magic:  4/4        EV:  8    Int:  9    God:
Gold:   127        SH:  4    Dex: 11    Spells: 3/3 levels left

rFire   . . .        a - +0 flail
rCold   . . .        c - +0 buckler
rNeg    + . .        j - +0 chain mail
rPois   ∞            (no helmet)
rElec   +            (no cloak)
rCorr   .            (no gloves)
SInv    .            (no boots)
Will    .....        (no amulet) Stlth
                     (no ring)
HPRegen 0.25/turn    (no ring)
MPRegen 0.09/turn

%: no passive effects
@: brilliant
A: sickness immunity, AC +3, negative energy resistance 1, electricity
resistance, torment resistance 1, petrification resistance, hooves 1, thin
skeletal structure 1, MP-powered wands
a: no special abilities


You were on level 3 of the Dungeon.
You visited 1 branch of the dungeon, and saw 3 of its levels.

You collected 127 gold pieces.

Inventory:

Hand Weapons
 a - a +0 flail (weapon)
Missiles
 n - 2 silver javelins (quivered)
Armour
 c - a +0 buckler (worn)
 j - a +0 chain mail (worn)
Wands
 l - a wand of paralysis (7)
 p - a wand of polymorph (6)
Scrolls
 b - a scroll of teleportation {unknown}
 h - 2 scrolls of identify {unknown}
Potions
 d - a potion of might
 g - a potion of haste {unknown}
 i - a potion of curing {unknown}
 k - a potion of attraction {unknown}
 m - a potion of enlightenment {unknown}
 o - a potion of degeneration {unknown}


   Skills:
 + Level 4.3 Fighting
 + Level 3.1 Maces & Flails
 + Level 4.2 Armour
 - Level 3.2 Shields


You had 3 spell levels left.
You didn't know any spells.
Your spell library contained the following spells:

 Spells                   Type           Power      Damage    Failure   Level
 Call Imp                 Summ           0%         N/A       99%         2
 Fugue of the Fallen      Necr           0%         N/A       100%        3
 Ozocubu's Armour         Ice            0%         N/A       100%        3
 Manifold Assault         Tloc           0%         N/A       100%        4
 Summon Hydra             Summ           0%         N/A       100%        7
 Sublimation of Blood     Necr           Unusable   N/A       N/A         2

Dungeon Overview and Level Annotations

Branches:
Dungeon (3/15)

Altars:
Qazlal

Shops:
D:2 !


Innate Abilities, Weirdness & Mutations

You are immune to sickness and miasma.
Your stone body is resilient. (AC +3)
You are immune to poison.
You resist negative energy. (rN+)
You are resistant to electric shocks. (rElec)
You are resistant to unholy torment.
You are immune to petrification.
You have large cloven feet.
You have a somewhat thin skeletal structure. (Dex +2, Stealth+)
You expend magic power (3 MP) to strengthen your wands.


Message History

The helpless orc priest fails to defend itself.
You hit the orc priest but do no damage.
The orc priest is moderately wounded.
The hobgoblin hits you but does no damage.
The helpless orc priest fails to defend itself.
You hit the orc priest.
The orc priest is severely wounded.
The hobgoblin hits you but does no damage.
The helpless orc priest fails to defend itself.
You hit the orc priest but do no damage.
The orc priest is severely wounded.
The hobgoblin hits you but does no damage.
You block the hobgoblin's attack.
The helpless orc priest fails to defend itself.
You hit the orc priest but do no damage.
The orc priest is severely wounded.
The hobgoblin hits you but does no damage.
The helpless orc priest fails to defend itself.
You sock the orc priest!
You kill the orc priest!
The hobgoblin barely misses you.
Your Maces & Flails skill increases to level 3!
You sock the hobgoblin!
You kill the hobgoblin!
The orc hits you but does no damage. You block the orc's attack.
You barely miss the orc. The orc hits you but does no damage.
You closely miss the orc.
The orc hits you with a +1 dagger of flaming.
* * * LOW HITPOINT WARNING * * *
The orc burns you.
* * * LOW HITPOINT WARNING * * *
You hit the orc but do no damage. The orc hits you but does no damage.
It was a potion of brilliance.
You feel clever all of a sudden. The orc barely misses you.
It was a potion of mutation.
You feel extremely strange.
Your feet thicken and deform.
Your bones become slightly less dense.
You feel your magical essence link to the dungeon's wands.
The orc hits you with a +1 dagger of flaming.
You die...

####.#.....###.####.###
#.....#..........#
#######..#######...#####
..........## ##..#
#######.#..## #..#########
##.##..#####..........#
...###..###....##.#........#
#.......o####..#.#......>.#
#####.##oo@......#........#
#g ######.............# oo
######........# ...
#........# .... #........#
#.... #........# #####
##########


You could see 3 orcs.

Vanquished Creatures
  An orc priest (D:3)
  2 adders (D:2)
  A dart slug (D:1)
  A ribbon worm (D:2)
  4 endoplasms
  A giant cockroach (D:1)
  2 goblins
  9 hobgoblins
  2 quokkas
  4 ball pythons
  5 bats
  4 frilled lizards (D:1)
  5 kobolds
  2 rats
43 creatures vanquished.

Notes
Turn   | Place    | Note
-------+----------+-------------------------------------------
     0 | D:1      | Doomgape the Gargoyle Fighter began the quest for the Orb.
     0 | D:1      | Reached XP level 1. HP: 14/14 MP: 1/1
    65 | D:1      | Reached XP level 2. HP: 19/19 MP: 2/2
   525 | D:1      | Reached XP level 3. HP: 24/24 MP: 3/3
   896 | D:2      | Found Jierghido's Distillery.
  1065 | D:2      | Reached XP level 4. HP: 29/29 MP: 4/4
  1669 | D:3      | Found a stormy altar of Qazlal.
  1737 | D:3      | HP: 1/29 [orc priest/divine providence (14)]
  1749 | D:3      | HP: 1/30 [orc/+1 dagger of flaming (1)]
  1752 | D:3      | Gained mutation: You have large cloven feet. [potion of
                  | mutation]
  1752 | D:3      | Gained mutation: You have a somewhat thin skeletal
                  | structure. (Dex +2, Stealth+) [potion of mutation]
  1752 | D:3      | Gained mutation: You expend magic power (3 MP) to
                  | strengthen your wands. [potion of mutation]
  1752 | D:3      | Slain by an orc

Illustrated notes

Levels and vault maps discovered:
D:1:      amcnicky_arrival_wind_blow, layout_basic, minivault_5,
          minmay_pentomino_t4
D:2:      layout_loops_ring, serial_shops, shop, kennysheep_flooded_box
D:3:      layout_rooms, grunt_qazlal_clouds, serial_shops,
          nicolae_shop_drivethru

Skill      XL: |  1  2  3  4 |
---------------+-------------+-----
Fighting       | 4 |  4.3
Armour         | 4 |  4.2
Maces & Flails | 3 |  3.1
Shields        | |  3.2

Action                     |  1- 3 |  4- 6 || total
---------------------------+-------+-------++-------
  Melee: Flail             |   110 |    24 ||   134
  Evoke: Wand              |       |     1 ||     1
    Use: Potion            |       |     2 ||     2
   Stab: Paralysed         |       |     6 ||     6
 Armour: Scale mail        |    40 |       ||    40
         Chain mail        |    42 |    19 ||    61
  Dodge: Dodged            |    52 |     6 ||    58
  Block: Buckler           |    16 |     6 ||    22
